 Dungeon Crawl Stone Soup version 0.29.1-1-gd02db6906a (webtiles) character file.

Game seed: 3880962130489679465

693 DemonSlayer the Firebug (level 7, -7/48 HPs)
             Began as a Demonspawn Fire Elementalist on Oct 20, 2022.
             Mangled by an ice beast (12 damage)
             ... on level 5 of the Dungeon.
             The game lasted 00:08:49 (6598 turns).

DemonSlayer the Firebug (DsFE)                      Turns: 6598, Time: 00:08:50

Health: -7/48      AC:  6    Str:  8    XL:     7   Next: 37%
Magic:  3/13       EV: 12    Int: 18    God:
Gold:   264        SH:  0    Dex: 16    Spells: 4/14 levels left

rFire   . . .      SeeInvis .   c - +0 war axe
rCold   . . .      Faith    .   (no shield)
rNeg    + . .      Spirit   .   s - +0 leather armour
rPois   .          Reflect  .   (helmet restricted)
rElec   .          Harm     .   (no cloak)
rCorr   .          Rampage  .   t - +1 pair of gloves
Will    .....                   x - +0 pair of boots
Stlth   +++.......              (no amulet)
HPRegen 0.16/turn               e - ring of flight
MPRegen 0.13/turn               q - ring of positive energy

@: flying
A: antennae 2, thin skeletal structure 1, ignite blood 2
a: no special abilities


You were on level 5 of the Dungeon.
You visited 1 branch of the dungeon, and saw 5 of its levels.

You collected 264 gold pieces.

Inventory:

Hand Weapons
 c - a +0 war axe (weapon)
Armour
 s - a +0 leather armour (worn)
 t - a +1 pair of gloves (worn)
 x - a +0 pair of boots (worn)
Jewellery
 e - a ring of flight (left hand)
 q - a ring of positive energy (right hand)
Wands
 o - a wand of digging (4)
 v - a wand of flame (20)
Scrolls
 b - a scroll of noise {unknown}
 f - 2 scrolls of enchant weapon {unknown}
 h - 3 scrolls of teleportation
 i - 2 scrolls of immolation
 j - 2 scrolls of butterflies {unknown}
 l - a scroll of amnesia {unknown}
 n - a scroll of summoning {unknown}
 r - a scroll of silence {unknown}
 w - 2 scrolls of identify {unknown}
Potions
 a - 2 potions of magic
 d - 2 potions of heal wounds
 g - 2 potions of brilliance {unknown}
 k - a potion of mutation {unknown}
 m - a potion of might {unknown}
 p - a potion of lignification {unknown}
 u - a potion of attraction {unknown}


   Skills:
 + Level 1.5 Fighting
 + Level 1.6 Axes
 + Level 1.0 Armour
 + Level 2.2 Dodging
 + Level 2.3 Stealth
 + Level 4.4 Spellcasting
 + Level 2.5 Conjurations
 + Level 5.2 Fire Magic


You had 4 spell levels left.
You knew the following spells:

 Your Spells              Type           Power      Damage    Failure   Level
a - Foxfire               Conj/Fire      68%        2x1d7     4%          1
b - Scorch                Fire           44%        2d7       3%          2
c - Conjure Flame         Conj/Fire      17%        6-21      12%         3
d - Flame Wave            Conj/Fire      17%        2d7       38%         4

Your spell library contained the following spells:

 Spells                   Type           Power      Damage    Failure   Level
 Necrotise                Necr           12%        1d4       21%         1
 Inner Flame              Hex/Fire       13%        N/A       21%         3
 Vampiric Draining        Necr           3%         2d6       52%         3
 Fireball                 Conj/Fire      8%         3d6       75%         5
 Agony                    Necr           3%         N/A       99%         5
 Starburst                Conj/Fire      8%         6d4       99%         6
 Ignition                 Fire           11%        3d5       100%        8


Dungeon Overview and Level Annotations

Branches:
Dungeon (5/15)             Temple (0/1) D:4

Altars:
Sif Muna
Uskayaw
Vehumet

Shops:
D:5 *

Annotations:
D:4 3 runed translucent doors, Ychaviel's ghost, amateur DsGl; miserystealer's ghost, novice FoAM; quakins's ghost, amateur FoFi; videwesjr's ghost, amateur MiBe


Innate Abilities, Weirdness & Mutations

You have a pair of antennae on your head.
You have a somewhat thin skeletal structure. (Dex +2, Stealth+)
Your demonic aura often causes spilled blood to erupt in flames.


Message History

The gnoll is heavily wounded.
The gnoll's fire resistance burns away.
The gnoll hits you from afar with a +0 halberd.
Flames lash the gnoll.
The gnoll is burned terribly!
You kill the gnoll!
You can't see any susceptible monsters within range! (Use Z to cast anyway.)
You can't see any susceptible monsters within range! (Use Z to cast anyway.)
You can't see any susceptible monsters within range! (Use Z to cast anyway.)
An ice beast is nearby!
An ice beast is nearby!
An ice beast is nearby!
An ice beast is nearby!
An ice beast is nearby!
Flames lash the ice beast.
The ice beast melts!
The ice beast is heavily wounded.
The ice beast's fire resistance burns away.
Flames lash the ice beast.
The ice beast melts!
The ice beast is almost dead.
The ice beast hits you. The ice beast freezes you!
You are too injured to fight recklessly!
You are too injured to fight recklessly!
You are too injured to fight recklessly!
You are too injured to fight recklessly!
You hit the ice beast but do no damage.
The ice beast is severely wounded.
The ice beast closely misses you.
You hit the ice beast but do no damage.
The ice beast is severely wounded.
The ice beast misses you.
You hit the ice beast.
The ice beast is almost dead.
The ice beast hits you. The ice beast freezes you!
* * * LOW HITPOINT WARNING * * *
The ice beast hits you but does no damage.
You barely miss the ice beast. Your punch misses the ice beast.
The ice beast is almost dead.
The ice beast hits you.
* * * LOW HITPOINT WARNING * * *
The ice beast freezes you!
You die...

.#.!. ...... .
...... ..... ....
......##...##...
.....#.....#...
........g.... #
#.......# ...
##.....## ..
.....#..###..#....
........@#........
....#....Y)...#...
... #.........# .#
#.........#
#.....#.......
#.#..###..#...
#.##.# .###... ..
### ## .##


You could see an ice beast (combustible).

Vanquished Creatures
  A black bear (D:4)
  An ogre (D:3)
  A phantom (D:4)
  2 howler monkeys
  A hound (D:4)
  A jelly (D:4)
  Jessica (D:2)
  An iguana (D:4)
  Natasha (twice) (D:2)
  10 gnolls
  3 adders
  4 worms
  3 dart slugs
  2 bats
  3 endoplasms
  2 giant cockroaches
  8 goblins
  6 hobgoblins
  2 jackals (D:2)
  4 quokkas
  4 ball pythons
  6 frilled lizards
  7 kobolds
  8 rats
83 creatures vanquished.

Vanquished Creatures (others)
  218 foxfires
218 creatures vanquished.

Grand Total: 301 creatures vanquished

Notes
Turn   | Place    | Note
-------+----------+-------------------------------------------
     0 | D:1      | DemonSlayer the Demonspawn Fire Elementalist began the
                  | quest for the Orb.
     0 | D:1      | Reached XP level 1. HP: 13/13 MP: 3/3
   357 | D:1      | Gained mutation: You have a pair of small antennae on your
                  | head. [demonic ancestry]
   357 | D:1      | Reached XP level 2. HP: 18/19 MP: 0/5
   439 | D:1      | Learned a level 2 spell: Scorch
   784 | D:1      | Reached skill level 3 in Fire Magic
  1639 | D:2      | Gained mutation: Your demonic aura sometimes causes spilled
                  | blood to erupt in flames. [demonic ancestry]
  1639 | D:2      | Reached XP level 3. HP: 13/24 MP: 3/6
  2185 | D:2      | Noticed Jessica
  2196 | D:2      | Killed Jessica
  2197 | D:2      | Reached skill level 1 in Axes
  2197 | D:2      | Reached XP level 4. HP: 26/31 MP: 1/8
  2392 | D:2      | Noticed Natasha
  2397 | D:2      | Killed Natasha
  3787 | D:3      | Found a faded altar of an unknown god.
  3876 | D:3      | Noticed an ogre
  3889 | D:3      | Killed an ogre
  3890 | D:3      | Gained mutation: Your demonic aura often causes spilled
                  | blood to erupt in flames. [demonic ancestry]
  3890 | D:3      | Reached XP level 5. HP: 28/36 MP: 1/9
  4192 | D:3      | Learned a level 3 spell: Conjure Flame
  4197 | D:3      | Learned a level 4 spell: Flame Wave
  4360 | D:2      | Noticed Natasha
  4665 | D:4      | Found a runed translucent gate.
  4665 | D:4      | Found a runed translucent gate.
  4665 | D:4      | Found a runed translucent gate.
  4665 | D:4      | Noticed videwesjr's ghost (amateur MiBe)
  4666 | D:4      | Noticed Ychaviel's ghost (amateur DsGl)
  4667 | D:4      | Noticed miserystealer's ghost (novice FoAM)
  4667 | D:4      | Noticed quakins's ghost (amateur FoFi)
  4749 | D:4      | Reached skill level 4 in Fire Magic
  4784 | D:4      | Reached skill level 1 in Fighting
  4991 | D:4      | Gained mutation: You have a pair of antennae on your head.
                  | [demonic ancestry]
  4991 | D:4      | Reached XP level 6. HP: 34/43 MP: 8/11
  5135 | D:4      | Found a shimmering blue altar of Sif Muna.
  5135 | D:4      | Found a hide-covered altar of Uskayaw.
  5137 | D:4      | Found a radiant altar of Vehumet.
  5604 | D:4      | Gained mutation: You have a somewhat thin skeletal
                  | structure. (Dex +2, Stealth+) [demonic ancestry]
  5604 | D:4      | Reached XP level 7. HP: 44/48 MP: 3/13
  5770 | D:4      | Found a staircase to the Ecumenical Temple.
  6021 | D:2      | Reached skill level 5 in Fire Magic
  6117 | D:2      | Killed Natasha
  6329 | D:5      | Entered Level 5 of the Dungeon
  6355 | D:5      | Reached skill level 1 in Armour
  6452 | D:5      | Found Zin's Purification Station.
  6598 | D:5      | Mangled by an ice beast

Illustrated notes

Levels and vault maps discovered:
D:1:      lemuel_arrival_tunnels, layout_basic,
          wander_ebering_terrifying_dragon_lair
D:2:      layout_basic, minmay_misc_feat_cross, uniq_jessica, uniq_natasha
D:3:      minmay_skewed_foursquare, layout_basic,
          ebering_ecumenical_altar_sacrificial
D:4:      layout_gridville, nicolae_overflow_hidden_temple, temple_hall,
          gammafunk_ghost_cemetery
D:5:      nicolae_cairo_tiling_large_dashed, layout_loops_ring, zin_purify,
          lemuel_tele_altar

Skill      XL: |  1  2  3  4  5  6  7 |
---------------+----------------------+-----
Stealth        | 2 |  2.3
Fire Magic     | 3 4 5 |  5.2
Axes           | 1 |  1.6
Dodging        | 2 |  2.2
Spellcasting   | 3 4 |  4.4
Conjurations   | 2 |  2.5
Fighting       | 1 |  1.5
Armour         | 1 |  1.0

Action                   |  1- 3 |  4- 6 |  7- 9 || total
-------------------------+-------+-------+-------++-------
Melee: War axe           |    42 |    33 |     4 ||    79
 Cast: Foxfire           |    58 |    74 |       ||   132
       Scorch            |     7 |    39 |    25 ||    71
  Use: Potion            |     1 |     1 |     1 ||     3
       Scroll            |       |     2 |     1 ||     3
 Stab: Distracted        |       |     1 |       ||     1
Armor: Robe              |     7 |     7 |       ||    14
       Leather armour    |       |     6 |     4 ||    10
Dodge: Dodged            |    38 |    56 |     9 ||   103
